 Dungeon Crawl Stone Soup version 0.28.0-43-g3370ac3207 (webtiles) character file.

Game seed: 10357812653871268057

3204 Zeld the Frost Mage (level 9, -7/57 HPs)
             Began as a Merfolk Ice Elementalist on Mar 17, 2022.
             Was a Follower of Sif Muna.
             Mangled by Joseph
             ... wielding a +0 quarterstaff
              (11 damage)
             ... on level 7 of the Dungeon.
             The game lasted 00:24:48 (12899 turns).

Zeld the Frost Mage (Merfolk Ice Elementalist)     Turns: 12899, Time: 00:24:48

Health: -7/57      AC:  8    Str:  8    XL:     9   Next: 96%
Magic:  13/19      EV: 14    Int: 19    God:    Sif Muna [*.....]
Gold:   301        SH:  0    Dex: 14    Spells: 10/21 levels left

rFire   . . .      SeeInvis .   a - +0 halberd (vorpal)
rCold   . . .      Faith    .   (shield currently unavailable)
rNeg    . . .      Spirit   .   k - +0 robe
rPois   .          Reflect  .   u - +0 helmet
rElec   .          Harm     .   g - +0 cloak
rCorr   .          Rampage  .   n - +0 pair of gloves
Will    .....                   p - +2 pair of boots
Stlth   +++.......              (no amulet)
HPRegen 0.19/turn               (no ring)
MPRegen 0.16/turn               (no ring)

@: freezing walls
A: (nimble swimmer 2), mertail
a: Renounce Religion, Channel Magic


You were on level 7 of the Dungeon.
You worshipped Sif Muna.
Sif Muna was aware of your devotion.
You visited 2 branches of the dungeon, and saw 8 of its levels.

You collected 301 gold pieces.

Inventory:

Hand Weapons
 a - a +0 vorpal halberd (weapon)
Armour
 g - a +0 cloak (worn)
 k - a +0 robe (worn)
 n - a +0 pair of gloves (worn)
 p - a +2 pair of boots (worn)
 u - a +0 helmet (worn)
Wands
 h - a wand of polymorph (6)
 l - a wand of iceblast (6)
 t - a wand of digging (3)
Scrolls
 c - 3 scrolls of teleportation
 d - a scroll of silence
 e - a scroll of brand weapon
 o - a scroll of blinking
 q - 2 scrolls of enchant armour
 s - a scroll of holy word
 v - a scroll of vulnerability {unknown}
Potions
 b - 2 potions of lignification {unknown}
 m - a potion of magic {unknown}
 r - 2 potions of ambrosia {unknown}
 x - 2 potions of might {unknown}
 z - 2 potions of haste {unknown}


   Skills:
 * Level 8.5 Polearms
 - Level 6.0 Dodging
 - Level 4.0 Stealth
 * Level 6.9 Spellcasting
 + Level 3.5 Conjurations
 * Level 9.1 Ice Magic


You had 10 spell levels left.
You knew the following spells:

 Your Spells              Type           Power      Damage    Failure   Level
a - Freeze                Ice            100%       1d11      1%          1
b - Frozen Ramparts       Ice            82%        1d10      1%          3
c - Ozocubu's Armour      Ice            41%        N/A       1%          3
d - Hailstorm             Conj/Ice       30%        3d8       8%          4

Your spell library contained the following spells:

 Spells                   Type           Power      Damage    Failure   Level
 Shock                    Conj/Air       52%        1d6       4%          1
 Animate Skeleton         Necr           12%        N/A       11%         1
 Pain                     Necr           24%        1d5       11%         1
 Summon Small Mammal      Summ           24%        N/A       11%         1
 Call Canine Familiar     Summ           6%         N/A       30%         3
 Summon Guardian Golem    Hex/Summ       6%         N/A       30%         3
 Swiftness                Air            6%         N/A       30%         3
 Vampiric Draining        Necr           6%         2d6       30%         3
 Airstrike                Air            3%         N/A       71%         4
 Olgreb's Toxic Radiance  Pois           6%         N/A       71%         4
 Ozocubu's Refrigeration  Ice            20%        4d9       90%         7
 Orb of Destruction       Conj           9%         9d6       100%        7
 Spellforged Servitor     Conj/Summ      6%         N/A       100%        7
 Ignition                 Fire           3%         3d4       100%        8


Dungeon Overview and Level Annotations

Branches:
Dungeon (7/15)             Temple (1/1) D:6

Altars:
Ashenzari
Cheibriados
Dithmenos
Elyvilon
Fedhas
Gozag
Hepliaklqana
Kikubaaqudgha
Makhleb
Nemelex Xobeh
Okawaru
Qazlal
Ru
Sif Muna
Trog
Uskayaw
Xom
Zin
The Shining One

Shops:
D:1 (   D:4 =

Annotations:
D:7 Joseph


Innate Abilities, Weirdness & Mutations

((You are very nimble when in or above water. (Stealth+, EV+, Speed+++)))
Your lower body shifts to a powerful aquatic tail in water.


Message History

Press: ? - help, Dir - look around, f - activate
Okay, then.
Found the +7 Throatcutter {drain, coup de grace}.
Joseph unwields a +0 hunting sling.
Joseph wields a +0 quarterstaff.
Joseph misses you.
Casting: Frozen Ramparts (safe; 1% risk of failure)
Confirm with . or Enter, or press ? or * to list all spells.
Casting: Frozen Ramparts (safe; 1% risk of failure)
Press: ? - help, Dir - look around, f - activate The walls around you are covered in ice.
The wall freezes Joseph!
Joseph misses you.
Unknown command.
Casting: Frozen Ramparts (safe; 1% risk of failure)
Confirm with . or Enter, or press ? or * to list all spells.
Aiming: Freeze (safe; 1% risk of failure)
Press: ? - help, Shift-Dir - straight line, f - Joseph
Aim: Joseph, wielding a +0 quarterstaff, wearing a +0 ring mail and quivering sling bullets (lightly wounded)
You freeze Joseph.
Joseph is moderately wounded.
The wall freezes Joseph.
Joseph hits you with a +0 quarterstaff!!
Casting: Freeze (safe; 1% risk of failure)
Confirm with . or Enter, or press ? or * to list all spells.
Aiming: Freeze (safe; 1% risk of failure)
Press: ? - help, Shift-Dir - straight line, f/p - Joseph
Aim: Joseph, wielding a +0 quarterstaff, wearing a +0 ring mail and quivering sling bullets (moderately wounded)
You freeze Joseph!
Joseph is moderately wounded.
The wall freezes Joseph.
Joseph hits you with a +0 quarterstaff!!
* * * LOW HITPOINT WARNING * * *
Casting: Freeze (safe; 1% risk of failure)
Confirm with . or Enter, or press ? or * to list all spells.
Aiming: Freeze (safe; 1% risk of failure)
Press: ? - help, Shift-Dir - straight line, f/p - Joseph
Aim: Joseph, wielding a +0 quarterstaff, wearing a +0 ring mail and quivering sling bullets (heavily wounded)
You freeze Joseph!
Joseph is severely wounded.
The wall freezes Joseph.
Joseph hits you with a +0 quarterstaff!
You die...

.......# ########.# #...##.# #.#
##.###.# ##.## ##.###.#######
##...## .............# ##.....##
##.....#####.## #.......#
...#..........# ...........
##<....#####..#####.##.##.......#
##.#.## #....@@..#. ##.....##
#.#.# #.######..... ##...## #.#.#
#.# ... ....## #.#^# #.# ).####
#.#.## #.# ##....## #.# #......#
#.# #......# #.# #..#.#.# #.#


You could see Joseph.

Vanquished Creatures
  Prince Ribbit (D:7)
  Sigmund (D:2)
  2 wyverns (D:7)
  A steam dragon (D:4)
  Duvessa (D:7)
  3 necrophages
  2 ogres (D:5)
  4 sky beasts
  A phantom (D:5)
  A gnoll sergeant (D:6)
  A scorpion (D:4)
  Dowan (D:7)
  4 wights
  A howler monkey (D:5)
  A bullfrog zombie (D:6)
  2 centaur zombies (D:5)
  2 hounds
  3 jellies
  An orc priest (D:6)
  2 bullfrog skeletons (D:5)
  A gnoll shaman (D:6)
  Ijyb (D:3)
  Jessica (D:3)
  4 iguanas
  A scorpion zombie (D:5)
  2 orc wizards
  Natasha (thrice) (D:3)
  A killer bee zombie (D:5)
  A howler monkey zombie (D:6)
  15 gnolls
  A howler monkey skeleton (D:5)
  7 adders
  2 shadow imps
  A white imp (D:7)
  2 ufetubi
  An adder skeleton (D:4)
  4 worms
  5 dart slugs
  24 orcs
  10 ball pythons
  9 endoplasms
  4 giant cockroaches
  9 goblins
  5 hobgoblins
  4 jackals (D:1)
  11 kobolds
  5 quokkas
  7 bats
  3 frilled lizards
  5 rats
184 creatures vanquished.

Vanquished Creatures (others)
  2 fungi (D:7)
2 creatures vanquished.

Grand Total: 186 creatures vanquished

Notes
Turn   | Place    | Note
-------+----------+-------------------------------------------
     0 | D:1      | Zeld the Merfolk Ice Elementalist began the quest for the
                  | Orb.
     0 | D:1      | Reached XP level 1. HP: 13/13 MP: 3/3
   246 | D:1      | Reached XP level 2. HP: 19/19 MP: 3/5
   629 | D:1      | Found Dass's Weapon Boutique.
   742 | D:1      | Reached XP level 3. HP: 22/23 MP: 2/6
   746 | D:1      | Learned a level 3 spell: Frozen Ramparts
  1043 | D:1      | Learned a level 3 spell: Ozocubu's Armour
  1952 | D:2      | Reached XP level 4. HP: 20/30 MP: 1/8
  2148 | D:2      | Reached skill level 5 in Ice Magic
  2607 | D:2      | Noticed Sigmund
  2618 | D:2      | Killed Sigmund
  2619 | D:2      | Reached XP level 5. HP: 35/35 MP: 1/10
  2619 | D:2      | Reached XP level 6. HP: 41/41 MP: 1/11
  2629 | D:2      | Learned a level 4 spell: Hailstorm
  3113 | D:3      | Noticed Ijyb
  3239 | D:3      | Killed Ijyb
  3896 | D:3      | Noticed Jessica
  3901 | D:3      | Killed Jessica
  3921 | D:3      | Noticed Natasha
  4021 | D:3      | Killed Natasha
  4022 | D:3      | Reached skill level 6 in Ice Magic
  4297 | D:3      | Noticed Natasha
  4361 | D:3      | Killed Natasha
  4382 | D:3      | Reached XP level 7. HP: 46/46 MP: 8/13
  4457 | D:3      | Found a sacrificial altar of Ru.
  4633 | D:3      | Reached skill level 1 in Polearms
  4811 | D:3      | Noticed Natasha
  4817 | D:3      | Killed Natasha
  4818 | D:3      | Reached skill level 1 in Conjurations
  5285 | D:4      | Noticed a steam dragon
  5399 | D:4      | Killed a steam dragon
  5646 | D:4      | Found Fiek's Jewellery Shoppe.
  5661 | D:4      | Reached skill level 5 in Dodging
  5764 | D:4      | Found a stormy altar of Qazlal.
  5769 | D:4      | Found a glowing silver altar of Zin.
  5771 | D:4      | Found a hide-covered altar of Uskayaw.
  5772 | D:4      | Found a shimmering blue altar of Sif Muna.
  5773 | D:4      | Found a sparkling altar of Nemelex Xobeh.
  5774 | D:4      | Found a glowing golden altar of the Shining One.
  5781 | D:4      | Found an opulent altar of Gozag.
  5855 | D:4      | Became a worshipper of Sif Muna the Loreminder
  6085 | D:4      | Reached XP level 8. HP: 46/52 MP: 13/15
  6231 | D:4      | You fall into a shaft and drop 1 floor!
  6231 | D:5      | Entered Level 5 of the Dungeon
  6338 | D:5      | Reached skill level 7 in Ice Magic
  6579 | D:5      | Reached skill level 5 in Spellcasting
  7667 | D:5      | Reached skill level 5 in Polearms
  7979 | D:5      | Reached * piety under Sif Muna
  8626 | D:5      | Reached XP level 9. HP: 27/57 MP: 9/17
  9104 | D:6      | Found a staircase to the Ecumenical Temple.
  9114 | Temple   | Entered the Ecumenical Temple
  9654 | D:6      | Reached skill level 8 in Ice Magic
 10049 | D:6      | Found a shimmering altar of Xom.
 11158 | D:7      | Noticed Dowan
 11159 | D:7      | Noticed Duvessa
 11917 | D:7      | Noticed Prince Ribbit
 11931 | D:7      | Killed Prince Ribbit
 12203 | D:7      | Killed Duvessa
 12204 | D:7      | Killed Dowan
 12539 | D:7      | Reached skill level 9 in Ice Magic
 12741 | D:7      | Found a bloodstained altar of Trog.
 12890 | D:7      | Noticed Joseph
 12895 | D:7      | Found the +7 Throatcutter {drain, coup de grace}
 12899 | D:7      | Mangled by Joseph

Illustrated notes

Levels and vault maps discovered:
D:1:      dpeg_arrival_pits, layout_loops_ring, serial_shops,
          nicolae_shop_bloodbath_and_beyond
D:2:      layout_basic, uniq_sigmund
D:3:      layout_loops_ring, nicolae_ru_awakened_eye, uniq_ijyb, uniq_natasha,
          uniq_jessica
D:4:      layout_basic, nicolae_overflow_hallway_of_the_gods, serial_glass,
          glass_columns_b, glass_columns_a, serial_shops, shop,
          minmay_quadrilaterals
D:5:      layout_basic, serial_corexii_hall, corexii_hall_statues_x,
          chequers_hall_statues_corner_a, minmay_misc_feat_secret_circle,
          kennysheep_generic_room_13
D:6:      layout_rooms, kennysheep_mini, minmay_temple_entry_junction_2,
          roderic_roman_lattice, st_stairs_11, chequers_serial_rivers_micro_a
D:7:      layout_loops_ring, mainiacjoe_overflow_boulevard,
          serial_park_tiny_pond, uniq_prince_ribbit1, uniq_duvessa, uniq_joseph
Temple:   compressed_dpeg_triangle_lava_temple

Skill      XL: |  1  2  3  4  5  6  7  8  9 |
---------------+----------------------------+-----
Dodging        | 3 4 5 6 |  6.0
Ice Magic      | 5 6 7 9 |  9.1
Spellcasting   | 3 4 5 6 |  6.9
Stealth        | 3 4 |  4.0
Polearms       | 3 5 8 |  8.5
Conjurations   | 1 2 3 |  3.5

Action                   |  1- 3 |  4- 6 |  7- 9 || total
-------------------------+-------+-------+-------++-------
Melee: Unarmed           |    28 |     2 |       ||    30
       Trident           |       |     7 |     9 ||    16
       Halberd           |       |       |   218 ||   218
       Spear             |       |       |    24 ||    24
       Punch             |       |       |     1 ||     1
 Cast: Freeze            |    76 |    56 |    79 ||   211
       Frozen Ramparts   |     2 |    11 |    28 ||    41
       Ozocubu's Armour  |       |       |     6 ||     6
       Hailstorm         |       |       |     2 ||     2
Evoke: Wand              |       |       |    12 ||    12
  Use: Scroll            |       |       |     9 ||     9
       Potion            |       |       |     2 ||     2
 Stab: Distracted        |     1 |       |     1 ||     2
       Sleeping          |       |       |    13 ||    13
Armor: Robe              |    13 |     5 |   121 ||   139
Dodge: Dodged            |    63 |    39 |   253 ||   355
